 Dungeon Crawl Stone Soup version 0.27.0-1-g7a089689b8 (webtiles) character file.

Game seed: 14106421395159423113

311 nicksoapdish the Changer (level 6, -26/38 HPs)
             Began as an Octopode Transmuter on Aug 6, 2021.
             Annihilated by an ogre (27 damage)
             ... on level 4 of the Dungeon.
             The game lasted 00:10:57 (3309 turns).

nicksoapdish the Changer (Octopode Transmuter)      Turns: 3309, Time: 00:10:58

Health: -26/38     AC:  1    Str:  9    XL:     6   Next: 42%
Magic:  5/11       EV: 13    Int: 18    God:
Gold:   134        SH:  0    Dex: 12    Spells: 1/11 levels left

rFire    . . .     SeeInvis .     - Unarmed
rCold    . . .     Faith    .   (no shield)
rNeg     . . .     Spirit   .   (helmet currently unavailable)
rPois    .         Reflect  .   (no amulet)
rElec    .         Harm     .   (no ring)
rCorr    .         Rampage  .   (no ring)
Will     .....                  (no ring)
Stlth    +++.......             (no ring)
HPRegen  0.12/turn              (no ring)
MPRegen  0.12/turn              (no ring)
                                (no ring)
                                (no ring)

@: appendages, wereblooded, very slightly contaminated
A: tentacle spike 3, almost no armour, amphibious, 8 rings, camouflage 1,
gelatinous body 1, (nimble swimmer 1), tentacles
a: End Transformation


You were on level 4 of the Dungeon.
One of your tentacles had grown a beastly spike.
You visited 1 branch of the dungeon, and saw 4 of its levels.

You collected 134 gold pieces.

Inventory:

Missiles
 c - 43 stones
 i - 11 poisoned darts (quivered)
Wands
 h - a wand of paralysis (9)
Scrolls
 a - a scroll of fear
Potions
 e - a potion of attraction {unknown}
 f - a potion of cancellation {unknown}
 g - a potion of lignification {unknown}


   Skills:
 - Level 1.0 Fighting
 - Level 2.0 Dodging
 - Level 4.0 Stealth
 - Level 3.0 Unarmed Combat
 + Level 3.4 Spellcasting
 + Level 4.2 Transmutations
 * Level 0.5 Ice Magic
 * Level 2.2 Poison Magic


You had one spell level left.
You knew the following spells:

 Your Spells              Type           Power      Damage    Failure   Level
a - Beastly Appendage     Tmut           36%        N/A       2%          1
b - Wereblood             Tmut           18%        N/A       4%          2
c - Spider Form           Tmut/Pois      7%         N/A       12%         3
d - Ice Form              Ice/Tmut       11%        N/A       50%         4

Your spell library contained the following spells:

 Spells                   Type           Power      Damage    Failure   Level
 Gell's Gravitas          Tloc           1%         N/A       43%         3
 Teleport Other           Tloc           3%         N/A       43%         3
 Dispersal                Tloc           1%         N/A       100%        6


Dungeon Overview and Level Annotations

Branches:
Dungeon (4/15)
 Temple: D:4-7

Altars:
Zin


Innate Abilities, Weirdness & Mutations

One of your tentacles has grown a beastly spike.
You cannot wear most types of armour.
You are amphibious.
You can wear up to eight rings at the same time.
Your skin changes colour to match your surroundings (Stealth+).
Your rubbery body absorbs attacks. (AC +1, EV +1)
((You are camouflaged near water. (Stealth+)))
You have tentacles for arms and can constrict up to eight enemies at once.


Message History

a +0 flail; a +0 leather armour of positive energy
Things that are here:
a +0 dagger; a hobgoblin corpse
Things that are here:
a +0 scythe; a +0 robe Done exploring.
There is a stone staircase leading down here.
You climb downwards.
An ogre comes into view. It is wielding a +0 giant spiked club.
Found a stone staircase leading down.
There is a stone staircase leading up here.
Casting: Wereblood (safe; 4% risk of failure)
Confirm with . or Enter, or press ? or * to list all spells.
One of your tentacles grows a vicious spike.
Casting: Beastly Appendage (safe; 2% risk of failure)
Confirm with . or Enter, or press ? or * to list all spells.
Your blood is infused with primal strength.
Casting: Wereblood (safe; 4% risk of failure)
Confirm with . or Enter, or press ? or * to list all spells.
You miscast Spider Form.
You are very lightly contaminated with residual magic.
Nothing appears to happen.
The ogre shouts!
You tentacle-slap the ogre but do no damage.
You squeeze the ogre!
The ogre is moderately wounded.
The ogre hits you with a +0 giant spiked club!!
Ouch! That really hurt!
You tentacle-slap the ogre but do no damage.
Your tentacle spike misses the ogre.
The ogre is moderately wounded.
You tentacle-slap the ogre. You squeeze the ogre.
The ogre is heavily wounded.
The ogre hits you with a +0 giant spiked club!
* * * LOW HITPOINT WARNING * * *
You barely miss the ogre. You squeeze the ogre, but do no damage.
The ogre is heavily wounded.
The ogre hits you with a +0 giant spiked club!!
Ouch! That really hurt!
You die...

##
#####
..
....
#.##>.
#...O#
#...@#
#....#
#.#..#
# #.##
#. #.
#. #.


You could see an ogre.

Vanquished Creatures
  Sigmund (D:3)
  3 gnolls (D:3)
  4 adders
  4 worms
  3 dart slugs
  2 orcs (D:3)
  8 ball pythons
  2 endoplasms (D:3)
  5 giant cockroaches
  11 goblins
  6 hobgoblins
  7 jackals (D:1)
  2 quokkas
  5 bats
  4 frilled lizards
  8 kobolds
  6 rats
81 creatures vanquished.

Notes
Turn   | Place    | Note
-------+----------+-------------------------------------------
     0 | D:1      | nicksoapdish the Octopode Transmuter began the quest for
                  | the Orb.
     0 | D:1      | Reached XP level 1. HP: 13/13 MP: 3/3
   158 | D:1      | Reached skill level 1 in Stealth
   264 | D:1      | Reached XP level 2. HP: 18/18 MP: 3/5
   623 | D:1      | Reached XP level 3. HP: 19/23 MP: 4/6
   822 | D:1      | Learned a level 2 spell: Wereblood
   826 | D:1      | Learned a level 3 spell: Spider Form
  1363 | D:2      | Reached skill level 1 in Poison Magic
  1363 | D:2      | Reached XP level 4. HP: 14/28 MP: 3/7
  2025 | D:3      | Noticed Sigmund
  2060 | D:3      | Killed Sigmund
  2061 | D:3      | Reached XP level 5. HP: 33/33 MP: 5/9
  2135 | D:3      | Reached XP level 6. HP: 34/38 MP: 8/10
  2140 | D:3      | Learned a level 4 spell: Ice Form
  2199 | D:3      | Found a glowing silver altar of Zin.
  2335 | D:3      | Paralysed by a goblin for 4 turns
  3308 | D:4      | HP: 1/38 [ogre (12)]
  3309 | D:4      | Annihilated by an ogre

Illustrated notes

Levels and vault maps discovered:
D:1:      minmay_arrival_four_houses, layout_loops_ring
D:2:      layout_loops_ring
D:3:      minmay_thinvault, layout_rooms, lemuel_crystal_altar, uniq_sigmund
D:4:      layout_basic, chequers_temple_overflow_minitemple, uniq_edmund,
          uniq_grinder, uniq_pikel

Skill      XL: |  1  2  3  4  5  6 |
---------------+-------------------+-----
Stealth        | 1 2 3 4 |  4.0
Poison Magic   | 1 2 |  2.2
Transmutations | 4 |  4.2
Spellcasting   | 3 |  3.4
Fighting       | |  1.0
Dodging        | |  2.0
Unarmed Combat | |  3.0
Ice Magic      | |  0.5

Action                   |  1- 3 |  4- 6 || total
-------------------------+-------+-------++-------
Melee: Unarmed           |    73 |    93 ||   166
       Constrict         |    22 |    29 ||    51
       Kick              |    18 |    26 ||    44
       Tentacles         |    12 |    19 ||    31
       Punch             |       |     3 ||     3
Throw: Dart              |       |     1 ||     1
 Cast: Beastly Appendage |    20 |    21 ||    41
       Wereblood         |     3 |    11 ||    14
  Use: Scroll            |     1 |     3 ||     4
       Potion            |       |     1 ||     1
 Stab: Sleeping          |     8 |     6 ||    14
Armor: Skin              |     2 |     8 ||    10
Dodge: Dodged            |    36 |    48 ||    84
